 Dungeon Crawl Stone Soup version 0.31-a0-348-g810772c3d7 (webtiles) character file.

Game seed: 3581241756365818794

354 EC1 the Slasher (level 6, -4/47 HPs)
             Began as a Human Gladiator on July 23, 2023.
             Was a Follower of Cheibriados.
             Slain by Edmund
             ... wielding a +1 heavy dire flail
              (18 damage)
             ... on level 5 of the Dungeon.
             The game lasted 00:12:50 (3595 turns).

EC1 the Slasher (Human Gladiator)                   Turns: 3595, Time: 00:12:51

Health: -4/47      AC:  9    Str: 17 (19) XL:     6   Next: 95%
Magic:  5/5        EV: 11    Int: 11      God:    Cheibriados [*.....]
Gold:   214        SH:  0    Dex: 17 (18) Spells: 5/5 levels left

rFire   . . .        a - +0 long sword (vamp)
rCold   . . .        (no shield)
rNeg    . . .        g - +0 scale mail
rPois   .            c - +0 helmet
rElec   .            (no cloak)
rCorr   .            (no gloves)
SInv    .            j - +0 pair of boots
Will    +....        (no amulet) Stlth
                     v - ring of willpower
HPRegen 0.27/turn    (no ring)
MPRegen 0.09/turn

%: no passive effects
@: very slow
A: low MP 1
a: Renounce Religion, Bend Time


You were on level 5 of the Dungeon.
You worshipped Cheibriados.
Cheibriados was aware of your devotion.
You visited 1 branch of the dungeon, and saw 5 of its levels.
You also visited: Sewer.

You collected 214 gold pieces.

Inventory:

Hand Weapons
 a - a +0 vampiric long sword (weapon)
 f - a +3 scimitar of draining
 i - a +2 dagger of pain
 q - a +1 hand axe of flaming
 u - a +0 war axe of venom
 x - a +0 dagger of pain
Missiles
 d - 3 throwing nets
 e - a javelin (quivered)
 h - 7 poisoned darts
 o - 6 boomerangs
Armour
 b - a +0 leather armour
 c - a +0 helmet (worn)
 g - a +0 scale mail (worn)
 j - a +0 pair of boots (worn)
Magical Staves
 s - a staff of air
Jewellery
 v - a ring of willpower (left hand)
Wands
 r - a wand of flame (14)
Scrolls
 k - 3 scrolls of identify
 l - a scroll of immolation
 m - 2 scrolls of torment
 w - a scroll of silence
Potions
 n - 3 potions of cancellation
 p - 2 potions of lignification


   Skills:
 + Level 3.1 Fighting
 + Level 0.6(3.2) Short Blades
 + Level 5.1 Long Blades
 + Level 2.1 Throwing
 + Level 3.1 Armour
 + Level 3.7 Dodging
 + Level 0.1 Stealth


You had 5 spell levels left.
You didn't know any spells.
Your spell library contained the following spells:

 Spells                   Type           Power      Damage    Failure   Level
 Sublimation of Blood     Necr           0%         N/A       87%         2
 Petrify                  Tmut/Erth      0%         N/A       100%        4
 Irradiate                Conj/Tmut      0%         3d11      100%        5


Dungeon Overview and Level Annotations

Branches:
Dungeon (5/15)              Sewer (visited)
 Temple: D:4-7

Altars:
Ashenzari
Cheibriados
Dithmenos
Makhleb
Nemelex Xobeh
Sif Muna
Vehumet
Yredelemnul

Shops:
D:4 :

Annotations:
D:5 Edmund


Innate Abilities, Weirdness & Mutations

Your magical capacity is low. (-10% MP)


Message History

Found 10 gold pieces.
The jackal barely misses you. x2
You closely miss the jackal.
The jackal bites you but does no damage.
The jackal barely misses you.
You closely miss the jackal. The jackal bites you.
* * * LOW HITPOINT WARNING * * *
You slash the jackal!
You kill the jackal!
Cheibriados appreciates the change of pace.
You start resting.
Edmund is nearby!
Edmund is nearby!
Edmund hits you with a +1 heavy dire flail!
* * * LOW HITPOINT WARNING * * *
You slash Edmund!
You feel better.
Edmund is heavily wounded.
Edmund barely misses you.
You hit Edmund.
You feel better.
Edmund is heavily wounded.
You barely miss Edmund.
Edmund is heavily wounded.
Edmund completely misses you.
You hit Edmund.
You feel better.
Edmund is severely wounded.
Edmund barely misses you.
You hit Edmund.
Edmund is severely wounded.
Edmund barely misses you.
You barely miss Edmund.
Edmund is severely wounded.
You barely miss Edmund.
Edmund is severely wounded.
Edmund misses you.
You closely miss Edmund.
Edmund is severely wounded.
Edmund barely misses you.
You barely miss Edmund.
Edmund is severely wounded.
Edmund hits you with a +1 heavy dire flail!!
You die...

### ###
#.#######.#######
#...........@@..#
#.###.#.#.#####.#.. #.#
#.#.......#.#.# #.#
#.#.......#.#.# #.#
#.#†......#.#.##
#.###<#.#.#####.#.$
#.....†.#.# #.#.#
#.###.###.#####.#.######
#.# #.# #.....!......


You could see Edmund.

Vanquished Creatures
  3 hounds
  A gnoll bouda (D:4)
  An iguana (D:4)
  Ijyb (D:4)
  5 adders
  5 gnolls (D:4)
  2 worms
  4 dart slugs (D:1)
  4 endoplasms
  5 giant cockroaches
  8 goblins
  6 hobgoblins
  4 jackals
  5 kobolds
  A quokka (D:2)
  13 ball pythons
  8 bats
  4 frilled lizards
  5 rats
85 creatures vanquished.

Notes
Turn   | Place    | Note
-------+----------+-------------------------------------------
     0 | D:1      | EC1 the Human Gladiator began the quest for the Orb.
     0 | D:1      | Reached XP level 1. HP: 16/16 MP: 1/1
    70 | D:1      | Identified a scroll of acquirement
    70 | D:1      | Acquired a +3 scimitar of draining
   106 | D:1      | Reached XP level 2. HP: 22/22 MP: 2/2
   266 | D:1      | Reached XP level 3. HP: 25/27 MP: 3/3
   926 | D:2      | Gained mutation: Your magical capacity is low. (-10% MP)
                  | [potion of mutation]
   968 | D:2      | Reached XP level 4. HP: 30/33 MP: 3/3
  1028 | D:2      | Reached skill level 4 in Long Blades
  1054 | D:2      | Found a snail-covered altar of Cheibriados.
  1074 | D:2      | Became a worshipper of Cheibriados the Contemplative
  1422 | D:3      | Found a glowing drain.
  1505 | Sewer    | Entered a sewer
  1635 | Sewer    | Reached skill level 1 in Armour
  1667 | Sewer    | Reached * piety under Cheibriados
  1668 | Sewer    | Reached XP level 5. HP: 39/39 MP: 4/4
  1976 | D:3      | Found a shadowy altar of Dithmenos.
  1976 | D:3      | Found a radiant altar of Vehumet.
  1977 | D:3      | Found a sparkling altar of Nemelex Xobeh.
  1977 | D:3      | Found a burning altar of Makhleb.
  1977 | D:3      | Found a basalt altar of Yredelemnul.
  1979 | D:3      | Found a broken altar of Ashenzari.
  1980 | D:3      | Found a shimmering blue altar of Sif Muna.
  2868 | D:4      | Reached XP level 6. HP: 10/46 MP: 5/5
  3061 | D:4      | Noticed Ijyb
  3080 | D:4      | Killed Ijyb
  3196 | D:4      | Found Ympeozem's Book Boutique.
  3501 | D:5      | Entered Level 5 of the Dungeon
  3515 | D:5      | Reached skill level 5 in Long Blades
  3552 | D:5      | Noticed Edmund
  3595 | D:5      | Slain by Edmund

Illustrated notes

Levels and vault maps discovered:
D:1:      ncdulo_wetmaze, layout_loops_ring, st_stairs_1, minivault_24
D:2:      layout_basic, basic_altar, skrybe_limestone_x,
          minmay_misc_feat_ornament, minmay_misc_feat_plants,
          minmay_door_square, minmay_cut_off
D:3:      layout_loops_ring, grunt_temple_overflow_open,
          cheibrodos_sewer_entry_drain
D:4:      layout_basic, serial_shops, shop, nicolae_grassy_gnolls, uniq_ijyb
D:5:      layout_basic, minmay_curled_crystal, uniq_pikel, uniq_edmund

Skill      XL: |  1  2  3  4  5  6 |
---------------+-------------------+-----
Long Blades    | 4 5 |  5.1
Armour         | 1 2 3 |  3.1
Fighting       | 3 |  3.1
Short Blades   | |  0.6
Throwing       | |  2.1
Dodging        | |  3.7
Stealth        | |  0.1

Action                     |  1- 3 |  4- 6 || total
---------------------------+-------+-------++-------
  Melee: Long sword        |     9 |    51 ||    60
         Scimitar          |    65 |    85 ||   150
         Punch             |     1 |       ||     1
         Dagger            |       |    39 ||    39
    Use: Scroll            |     4 |     7 ||    11
         Potion            |     2 |     5 ||     7
 Armour: Leather armour    |     1 |       ||     1
         Scale mail        |    48 |    83 ||   131
  Dodge: Dodged            |    52 |   141 ||   193

Table legend: (Time is in decaauts)
 A = Elapsed time spent in this place.
 B = Non-inter-level travel time spent in this place.
 C = Inter-level travel time spent in this place.
 D = Time resting spent in this place.
 E = Time spent auto-exploring this place.
 F = Levels seen in this place.
 G = Mean time per level.
                   A        B        C        D        E       F      G
               +--------+--------+--------+--------+--------+-----+--------+
         Total |   4356 |   4356 |      0 |    529 |   1482 |   6 |  726.0 |
       Dungeon |   3861 |   3861 |      0 |    489 |   1482 |   5 |  772.2 |
         Sewer |    495 |    495 |      0 |     40 |      0 |   1 |  495.0 |
               +--------+--------+--------+--------+--------+-----+--------+

Top non-repeatable levels by time:
     D:4: 1453 daAuts
     D:3: 845 daAuts
     D:1: 755 daAuts
     D:2: 685 daAuts
   Sewer: 495 daAuts
     D:5: 122 daAuts
